 Dungeon Crawl Stone Soup version 0.19.1-1-g22dce08 (webtiles) character file.

217 N00B the Slasher (level 5, -1/35 HPs)
             Began as a High Elf Gladiator on Jan 1, 2017.
             Slain by N00B's ghost (6 damage)
             ... on level 3 of the Dungeon.
             The game lasted 00:02:48 (2861 turns).

N00B the Slasher (High Elf Gladiator)               Turns: 2861, Time: 00:02:49

Health: -1/35      AC:  7    Str: 15    XL:     5   Next: 61%
Magic:  6/6        EV: 11    Int: 11    God:
Gold:   126        SH:  0    Dex: 16    Spells: 0 memorised, 4 levels left

rFire  . . .     SeeInvis .     a - +0 long sword
rCold  . . .     Gourm    .     l - +0 scale mail
rNeg   . . .     Faith    .     (no shield)
rPois  .         Spirit   .     c - +0 helmet
rElec  .         Reflect  .     (no cloak)
rCorr  .         Harm     .     (no gloves)
MR     .....                    (no boots)
Stlth  ..........               (no amulet)
                                (no ring)
                                (no ring)

@: about to teleport
A: no striking features
a: no special abilities


You were on level 3 of the Dungeon.
You were not hungry.

You visited 1 branch of the dungeon, and saw 3 of its levels.

You collected 126 gold pieces.

Inventory:

Hand Weapons
 a - a +0 long sword (weapon)
Missiles
 d - 4 throwing nets (quivered)
Armour
 b - a +0 leather armour
 c - a +0 helmet (worn)
 l - a +0 scale mail (worn)
 t - a +0 chain mail
Scrolls
 e - 2 scrolls of teleportation
 g - a scroll of identify {unknown}
 h - a scroll of blinking {unknown}
 i - a scroll of amnesia {unknown}
 m - a scroll of recharging {unknown}
 n - a scroll of magic mapping {unknown}
 q - a scroll of immolation {unknown}
 s - a scroll of random uselessness {unknown}
Potions
 o - 2 potions of lignification {unknown}
 p - a potion of haste {unknown}
Comestibles
 f - a bread ration
 r - a slice of pizza


   Skills:
 + Level 2.5 Fighting
 * Level 6.7 Long Blades
 - Level 2.0 Throwing
 + Level 1.5 Armour
 + Level 3.7 Dodging


You had 4 spell levels left.
You didn't know any spells.

Dungeon Overview and Level Annotations

Branches:
Dungeon (3/15)

Altars:
Trog

Annotations:
D:3 N00B's ghost, weakling HEGl


Message History

Unknown command.
Unknown command.
You see here the felid corpse of Natasha.
You butcher the felid corpse of Natasha.
N00B's ghost hits you.
You see here a chunk of flesh.
You closely miss N00B's ghost. N00B's ghost misses you.
You miss N00B's ghost. N00B's ghost barely misses you.
Unknown command.
You closely miss N00B's ghost. N00B's ghost misses you.
Unknown command.
You miss N00B's ghost. N00B's ghost hits you!
* * * LOW HITPOINT WARNING * * *
Unknown command.
You miss N00B's ghost.
N00B's ghost hits you but does no damage.
N00B's ghost closely misses you.
As you read the scroll of teleportation, it crumbles to dust.
You feel strangely unstable. N00B's ghost hits you.
You die...

#
#.#####.#
#..@W...#
####..###
##.# ..#
..≈≈
♣..≈#
....#
.♣...


You could see N00B's ghost.

Vanquished Creatures
  Natasha (thrice) (D:3)
  3 gnolls (D:3)
  4 adders (D:2)
  2 oozes
  An adder zombie (D:3)
  A worm (D:2)
  A dart slug (D:1)
  A leopard gecko (D:2)
  3 orcs (D:3)
  A giant cockroach (D:2)
  6 goblins
  8 hobgoblins
  3 jackals (D:2)
  6 bats
  3 frilled lizards
  8 kobolds
  7 rats
61 creatures vanquished.

Vanquished Creatures (others)
  A quokka (D:3)
1 creature vanquished.

Grand Total: 62 creatures vanquished

Notes
Turn   | Place    | Note
-------+----------+-------------------------------------------
     0 | D:1      | N00B the High Elf Gladiator began the quest for the Orb.
     0 | D:1      | Reached XP level 1. HP: 14/14 MP: 2/2
    82 | D:1      | Reached skill level 4 in Long Blades
   561 | D:1      | Reached XP level 2. HP: 19/19 MP: 3/3
  1080 | D:2      | Reached XP level 3. HP: 17/24 MP: 4/4
  1360 | D:2      | Reached skill level 5 in Long Blades
  1729 | D:2      | Found a bloodstained altar of Trog.
  1753 | D:2      | Reached XP level 4. HP: 25/29 MP: 5/5
  2114 | D:3      | Reached skill level 1 in Armour
  2325 | D:3      | Reached skill level 6 in Long Blades
  2439 | D:3      | Noticed Natasha
  2451 | D:3      | Killed Natasha
  2451 | D:3      | Reached XP level 5. HP: 5/35 MP: 6/6
  2585 | D:3      | Noticed Natasha
  2593 | D:3      | Killed Natasha
  2843 | D:3      | Noticed N00B's ghost (weakling HEGl)
  2846 | D:3      | Noticed Natasha
  2853 | D:3      | Killed Natasha
  2861 | D:3      | Slain by N00B's ghost

Skill      XL: |  1  2  3  4 |
---------------+-------------+-----
Long Blades    | 4 5 6 |  6.7
Armour         | 1 |  1.5
Fighting       | |  2.5
Throwing       | |  2.0
Dodging        | |  3.7

Action                   |  1- 3 |  4- 6 || total
-------------------------+-------+-------++-------
Melee: Long sword        |    98 |    79 ||   177
  Use: Potion            |       |     2 ||     2
       Scroll            |       |     2 ||     2
  Eat: Chunk             |     3 |     3 ||     6
Armor: Leather armour    |    15 |       ||    15
       Scale mail        |    22 |    28 ||    50
Dodge: Dodged            |    94 |    36 ||   130
       Rpst.: Long sword |    32 |     8 ||    40
